 Dungeon Crawl Stone Soup version 0.20-a0-876-g2c7b0bf (webtiles) character file.

4 4thArraOfDagon the Magician (level 1, -1/14 HPs)
             Began as a Demigod Wanderer on Mar 15, 2017.
             Slain by a worm (6 damage)
             ... on level 2 of the Dungeon.
             The game lasted 00:01:01 (244 turns).

4thArraOfDagon the Magician (Demigod Wanderer)       Turns: 244, Time: 00:01:02

Health: -1/14      AC:  2    Str: 15    XL:     1   Next: 40%
Magic:  6/6        EV: 11    Int: 15    God:
Gold:   9          SH:  0    Dex: 16    Spells: 4/5 levels left

rFire    . . .     SeeInvis .   e - +0 dagger
rCold    . . .     Gourm    .   d - +0 robe
rNeg     . . .     Faith    .   (no shield)
rPois    .         Spirit   .   (no helmet)
rElec    .         Reflect  .   (no cloak)
rCorr    .         Harm     .   (no gloves)
MR       .....                  (no boots)
Stlth    +.........             (no amulet)
Regen    0.1/turn               (no ring)
MPRegen  0.1/turn               (no ring)

@: no status effects
A: high mp 1
a: no special abilities


You were on level 2 of the Dungeon.
You were not hungry.

You visited 1 branch of the dungeon, and saw 2 of its levels.

You collected 9 gold pieces.

Inventory:

Hand Weapons
 e - a +0 dagger (weapon)
Armour
 d - a +0 robe (worn)
Scrolls
 g - a scroll of fog {unknown}
 i - a scroll of identify {unknown}
 j - a scroll of enchant armour {unknown}
Potions
 h - a potion of haste {unknown}
 k - a potion of degeneration {unknown}
Books
 a - a Young Poisoner's Handbook

   Spells                             Type                      Level
   a - Sting                          Conjuration/Poison           1
   b - Poisonous Vapours              Poison/Air                   2
   c - Mephitic Cloud                 Conjuration/Poison/Air       3
   d - Olgreb's Toxic Radiance        Poison                       4
   e - Venom Bolt                     Conjuration/Poison           5
 b - the Handbook of Unholy Rites

   Spells                             Type                      Level
   a - Corpse Rot                     Necromancy                   2
   b - Sublimation of Blood           Necromancy                   2
 c - the Guide on the Rocks

   Spells                             Type                      Level
   a - Sandblast                      Earth                        1
   b - Stone Arrow                    Conjuration/Earth            3
Comestibles
 f - a bread ration


   Skills:
   Level 1.0 Shields
 - Level 2.6 Spellcasting
 * Level 0.5 Conjurations
   Level 1.0 Hexes
   Level 1.7 Charms
   Level 1.0 Earth Magic
 * Level 1.2 Poison Magic
   Level 1.0 Evocations


You had 4 spell levels left.
You knew the following spells:

 Your Spells              Type           Power        Failure   Level  Hunger
a - Sting                 Conj/Pois      #...         14%         1    #......


Dungeon Overview and Level Annotations

Branches:
Dungeon (2/15)


Innate Abilities, Weirdness & Mutations

You have an increased reservoir of magic. (+10% MP)


Message History

Unknown command.
The goblin shouts!
The goblin hits you with a club.
You open the large door. The goblin closely misses you.
Unknown command.
There is a large open door here.
Unknown command.
Found a coppery potion and a pair of gloves.
A quokka and a worm come into view.
Found a scroll labeled MIAFIU YGUHUM.
Unknown command.
Unknown command.
You hit the quokka.
The quokka is moderately wounded.
The goblin barely misses you. The quokka bites you.
Unknown command.
The quokka bites you.
Unknown command.
The quokka misses you. The worm bites you.
You die...

≈≈..≈≈≈≈##.. #.....##..
≈≈≈..≈≈≈≈≈##..#.##.####.
≈≈≈..≈≈≈≈≈≈##.#. #... ._
≈≈≈..≈≈≈≈≈≈≈##..##.####.
≈≈≈..≈≈≈≈≈≈≈≈#..........
≈≈≈..≈≈≈≈≈≈≈≈###.....#..
≈....≈≈≈≈≈≈≈#..........
♣[.wg....'.#.....##.
♣!.@rg.g.'.#....###.
≈≈....≈≈≈≈≈≈≈###.#.## #g
≈≈≈?.≈≈≈≈≈≈≈≈# #.#.# #.
≈≈≈..≈≈≈≈≈≈≈≈# #.#.# #g
≈≈≈..≈≈≈≈≈≈≈## ....####.
≈≈≈..≈≈≈≈≈≈## ###......
≈≈≈..≈≈≈≈≈## #..g...
≈≈≈..≈≈≈≈## #..#### ..K.


You could see a worm, a quokka, 2 hobgoblins and a goblin.

Vanquished Creatures
  A goblin (D:1)
  A hobgoblin (D:1)
  A kobold (D:1)
  A rat (D:1)
4 creatures vanquished.

Notes
Turn   | Place    | Note
-------+----------+-------------------------------------------
     0 | D:1      | 4thArraOfDagon the Demigod Wanderer began the quest for the Orb.
     0 | D:1      | 4thArraOfDagon set off with: a Young Poisoner's Handbook, the Handbook of Unholy Rites, the Guide on the Rocks, a +0 robe, a +0 dagger, a bread ration
     0 | D:1      | Reached XP level 1. HP: 14/14 MP: 6/6
     0 | D:1      | Identified the Handbook of Unholy Rites
     0 | D:1      | Identified the Guide on the Rocks
     2 | D:1      | Learned a level 1 spell: Sting
   166 | D:1      | You fall through a shaft!
   170 | D:2      | Found a snail-covered altar of Cheibriados.
   244 | D:2      | Slain by a worm

Vault maps used:
D:1:      onia_arrival_mini_maze_b, minmay_small_reverse_x
D:2:      kennysheep_big_flooded_room, overflow_temple_1_default, tgw_trog,
          lemuel_crystal_altar

Action                   || total
-------------------------++-------
Melee: Dagger            ||    14
 Cast: Sting             ||     5
Armor: Robe              ||     2
Dodge: Dodged            ||    11
